 Dungeon Crawl Stone Soup version 0.31-a0-210-gccc998df9b (webtiles) character file.

Game seed: 4313434943742406278

199656 Anon1729 the Impregnable (level 17, -8/152 (161) HPs)
             Began as a Minotaur Monk on June 30, 2023.
             Was an Elder of Uskayaw.
             Killed from afar by a hell knight (10 damage)
             ... with a bolt of fire
             ... on level 1 of the Depths.
             The game lasted 00:32:23 (30833 turns).

Anon1729 the Impregnable (Minotaur Monk)           Turns: 30833, Time: 00:32:23

HP:   -8/152 (161)  AC: 41    Str: 17    XL:     17   Next: 85%
MP:   26/26         EV: 16    Int: 13    God:    Uskayaw [****..]
Gold: 1937          SH:  0    Dex: 22    Spells: 16/16 levels left

rFire   . . .        m - +2 short sword (speed)
rCold   + . .        d - orb {light}
rNeg    . . .        r - +8 crystal plate armour of Usibrekk {Drain rC+ Int+4 SInv}
rPois   .            y - +1 hat
rElec   .            Y - +1 cloak of Boredom {Int+2 Dex+2 Stlth-}
rCorr   .            h - +0 pair of gloves
SInv    +            (no boots)
Will    ++...        A - amulet of regeneration Stlth
                     Z - ring of willpower
HPRegen 1.25/turn    J - +5 ring of evasion
MPRegen 0.20/turn

%: no passive effects
@: about to teleport, glowing, studying Conjurations, drained
A: horns 2, retaliatory headbutt
}: 1/15 runes: serpentine
a: Renounce Religion, Stomp, Line Pass


You were on level 1 of the Depths.
You worshipped Uskayaw.
Uskayaw was pleased with you.
You visited 8 branches of the dungeon, and saw 30 of its levels.
You also visited: Ossuary, Bailey and Gauntlet.

You collected 2768 gold pieces.
You spent 831 gold pieces at shops.

Inventory:

Hand Weapons
 m - a +2 short sword of speed (weapon)
 H - the +7 hand axe "Worm" {venom, rPois Int+3}
   (You found it on level 6 of the Dungeon)

   Int:       It affects your intelligence (+3).
   rPois:     It protects you from poison.
Armour
 d - an orb of light (worn)
 h - a +0 pair of gloves (worn)
 r - the +8 crystal plate armour of Usibrekk (worn) {Drain rC+ Int+4 SInv}
   (You acquired it on level 8 of the Dungeon)

   Int:       It affects your intelligence (+4).
   rC:        It protects you from cold.
   SInv:      It lets you see invisible.
   Drain:     It drains your maximum health when unequipped.
 y - a +1 hat (worn)
 T - a scarf of shadows
 Y - the +1 cloak of Boredom (worn) {Int+2 Dex+2 Stlth-}
   (You found it in a Gauntlet)

   Int:       It affects your intelligence (+2).
   Dex:       It affects your dexterity (+2).
   Stlth:     It makes you less stealthy.
Jewellery
 a - a ring of protection from fire
 n - a +6 ring of dexterity
 u - an amulet of reflection
 w - a +6 ring of strength
 x - a ring of see invisible
 A - an amulet of regeneration (around neck)
 J - a +5 ring of evasion (right hand)
 Z - a ring of willpower (left hand)
Wands
 i - a wand of digging (6)
 l - a wand of roots (30)
 p - a wand of mindburst (5)
 t - a wand of flame (36)
 U - a wand of quicksilver (10)
 W - a wand of charming (16)
Scrolls
 c - 5 scrolls of vulnerability
 g - 6 scrolls of teleportation
 k - 6 scrolls of fog
 o - 3 scrolls of silence
 s - 4 scrolls of poison
 C - 7 scrolls of enchant weapon
 E - 8 scrolls of identify
 F - 2 scrolls of immolation
 G - 3 scrolls of amnesia
 L - 2 scrolls of butterflies
 O - 3 scrolls of fear
 P - 7 scrolls of revelation
 Q - 2 scrolls of blinking
 R - 3 scrolls of brand weapon
 S - 5 scrolls of enchant armour
Potions
 e - 6 potions of brilliance
 f - 6 potions of might
 j - 6 potions of curing
 q - a potion of magic {unknown}
 v - 3 potions of heal wounds
 z - 8 potions of mutation
 B - 5 potions of attraction
 D - 5 potions of resistance
 I - 3 potions of haste
 K - 4 potions of lignification
 M - 6 potions of enlightenment
 N - 6 potions of invisibility
 V - 2 potions of cancellation
 X - 3 potions of ambrosia
Miscellaneous
 b - a sack of spiders


   Skills:
 + Level 17.0 Fighting
 + Level 15.7 Short Blades
 * Level 21.4 Armour
 + Level 15.4 Dodging
 + Level 13.9 Invocations


You had 16 spell levels left.
You didn't know any spells.
Your spell library contained the following spells:

 Spells                   Type           Power      Damage    Failure   Level
 Apportation              Tloc           0%         N/A       100%        1
 Necrotise                Necr           0%         1d4       100%        1
 Shock                    Conj/Air       0%         1d3       100%        1
 Slow                     Hex            0%         N/A       100%        1
 Summon Small Mammal      Summ           0%         N/A       100%        1
 Cigotuvi's Dreadful Rot  Necr/Pois/Air  0%         N/A       100%        2
 Scorch                   Fire           0%         2d5       100%        2
 Static Discharge         Conj/Air       0%         2-2/arc   100%        2
 Ignite Poison            Fire/Tmut/Pois 0%         N/A       100%        3
 Inner Flame              Hex/Fire       0%         N/A       100%        3
 Swiftness                Air            0%         N/A       100%        3
 Vhi's Electric Charge    Tloc/Air       0%         N/A       100%        3
 Airstrike                Air            0%         2d(0-16)  100%        4
 Anguish                  Hex/Necr       0%         N/A       100%        4
 Flame Wave               Conj/Fire      0%         2d4       100%        4
 Sticky Flame             Conj/Fire      0%         2d3       100%        4
 Alistair's Intoxication  Tmut/Pois      0%         N/A       100%        5
 Arcjolt                  Conj/Air       0%         1d10      100%        5
 Iskenderun's Battlesphe  Conj           0%         2d6       100%        5
 Silence                  Hex/Air        0%         N/A       100%        5
 Summon Forest            Summ/Tloc      0%         N/A       100%        5
 Yara's Violent Unravell  Hex/Tmut       0%         3d3       100%        5
 Eringya's Noxious Bog    Tmut/Pois      0%         N/A       100%        6
 Leda's Unmaking          Conj/Erth      0%         9d1       100%        6
 Plasma Beam              Fire/Air       0%         2x1d10    100%        6
 Summon Cactus Giant      Summ           0%         N/A       100%        6
 Enfeeble                 Hex            0%         N/A       100%        7
 Spellforged Servitor     Conj/Summ      0%         N/A       100%        7
 Storm Form               Tmut/Air       0%         N/A       100%        7
 Summon Hydra             Summ           0%         N/A       100%        7
 Maxwell's Capacitive Co  Air            0%         ∞         100%        8


Dungeon Overview and Level Annotations

Branches:
Dungeon (15/15)            Temple (1/1) D:5            Lair (5/5) D:11
  Swamp (1/4) Lair:2        Snake (4/4) Lair:2        Slime (0/5) Lair:4
    Orc (2/2) D:9             Elf (0/3) Orc:2        Vaults (1/5) D:14
 Depths (1/4) D:15        Ossuary (visited)          Bailey (visited)
Gauntlet (visited)

Altars:
Ashenzari
Cheibriados
Dithmenos
Elyvilon
Fedhas
Gozag
Hepliaklqana
Kikubaaqudgha
Makhleb
Nemelex Xobeh
Okawaru
Qazlal
Ru
Sif Muna
Trog
Uskayaw
Vehumet
Wu Jian
Xom
Yredelemnul
Zin
The Shining One

Shops:
D:2 (   D:8 ?   D:11 (   Orc:2 =[**   Snake:2 *

Portals:
Abyss: D:9
Pandemonium: Orc:2
Trove: D:12 (give +6 demon blade)

Annotations:
D:9 2 transporters, t4s4d4r's ghost, novice DgFi
D:14 1 runed translucent door, NigelTetley's ghost, journeyman FoFi


Innate Abilities, Weirdness & Mutations

You have a pair of horns on your head.
You reflexively headbutt those who attack you in melee.


Message History

You writhe in agony.
The hell knight hits you from afar with a +3 halberd!!
The hell knight hits you but does no damage.
You feel drained.
You are too injured to fight recklessly!
You are too injured to fight recklessly!
You are too injured to fight recklessly!
You are too injured to fight recklessly!
As you read the scroll of teleportation, it crumbles to dust.
You feel strangely unstable.
The hell knight hits you with a +3 battleaxe of draining!
You feel drained.
The hell knight mumbles some strange prayers to its god.
The hell knight seems to speed up.
The hell knight prays to its god.
The hell knight seems to speed up.
The hell knight attacks as you move away!
The hell knight hits you with a +5 demon whip of distortion!!
* * * LOW HITPOINT WARNING * * *
Space warps around you.
* * * LOW HITPOINT WARNING * * *
The hell knight closely misses you. The hell knight barely misses you.
The hell knight mumbles some strange prayers to its god.
The hell knight seems to speed up.
The hell knight attacks as you move away!
The hell knight hits you with a +3 battleaxe of draining!
* * * LOW HITPOINT WARNING * * *
You feel drained.
* * * LOW HITPOINT WARNING * * *
The hell knight invokes the aid of its god against you.
The bolt of fire misses you.
The hell knight invokes the aid of its god against you.
The bolt of fire hits the hell knight.
The hell knight completely resists.
The bolt of fire hits you!!
* * * LOW HITPOINT WARNING * * *
The hell knight invokes the aid of its god against you.
The bolt of fire hits the hell knight.
The hell knight completely resists.
The bolt of fire hits the hell knight.
The hell knight completely resists.
The bolt of fire hits you!
You die...

.......... #.........#
.........# #.........
.......... #........#####.
...........#..............
...........#..............
#.........................
'..................p......
#.........).....pp....p...
................@pppp.....
..........................
...............†..........
.................(........
....................##....
..............#.....# ....
..............#.....# ..
#...†(................
+....................##


You could see 8 hell knights.

Vanquished Creatures
  Vashnia (Snake:2)
  Jorgrun (D:13)
  2 quicksilver dragons (Snake:4)
  A nagaraja (Snake:3)
  A fire giant (Depths:1)
  2 frost giants (Depths:1)
  An orc warlord (Orc:2)
  Aizul (Snake:1)
  9 very ugly things
  A stone giant (Depths:1)
  2 eleionomae (Swamp:1)
  A dire elephant (D:14)
  A minotaur (Gauntlet)
  A bunyip (Swamp:1)
  Nessos (Lair:5)
  An ettin (Depths:1)
  Josephine (Orc:1)
  A rakshasa (Depths:1)
  2 vault guards (D:14)
  A hell beast (Gauntlet)
  Fannar (Lair:2)
  5 salamander tyrants (Snake:4)
  A hydra (shapeshifter) (Depths:1)
  The ghost of Nammoc the Thaumaturge, a journeyman GnWn of Cheibriados (Lair:3)
  5 hydras
  3 centaur warriors
  9 two-headed ogres
  A demonspawn (Orc:2)
  An ogre mage (D:13)
  4 alligators (Swamp:1)
  12 anacondas
  4 death yaks (Lair:4)
  A boulder beetle (Lair:5)
  Erica (D:8)
  A deep troll earth mage (D:15)
  A deep troll shaman (D:15)
  8 naga warriors
  2 tengu warriors
  Urug (D:10)
  5 orc high priests (Orc:2)
  Sonja (D:13)
  A sun demon (Orc:2)
  6 shock serpents
  13 naga sharpshooters
  2 sixfirhies (Gauntlet)
  A skyshark (Lair:1)
  A death drake (shapeshifter) (D:15)
  A goliath frog (Lair:5)
  3 iron trolls
  A glowing orange brain (D:15)
  6 orc knights
  2 swamp dragons (Swamp:1)
  A deep elf pyromancer (D:13)
  6 naga ritualists
  5 mana vipers
  21 ugly things
  9 orc sorcerers
  A will-o-the-wisp (Swamp:1)
  10 salamanders
  4 manticores
  24 elephants
  7 cyclopes
  16 naga magi
  8 guardian serpents
  36 black mambas
  A gargoyle (D:11)
  2 unseen horrors
  24 cane toads
  A torpor snail (Lair:5)
  14 komodo dragons
  2 efreet
  4 rime drakes
  3 tengu conjurers
  An ice devil (Orc:2)
  9 trolls
  A hellwing (Orc:2)
  4 tyrant leeches
  A hornet (Lair:2)
  A polar bear (shapeshifter) (D:14)
  A polar bear (Lair:5)
  19 slime creatures
  25 blink frogs
  12 dream sheep
  3 shadows
  40 yaks
  9 humans (D:14)
  A vampire (D:12)
  5 wraiths
  4 wyverns
  A yak (shapeshifter) (D:15)
  7 basilisks
  2 steam dragons
  A golden eye (shapeshifter) (D:14)
  9 vampire mosquitoes
  2 chaos spawn (Orc:2)
  5 wargs
  17 nagas
  An acid dragon (D:10)
  A swamp worm (Swamp:1)
  20 water moccasins
  38 orc warriors
  3 ice beasts
  4 ogres
  A sky beast (D:7)
  4 boggarts (D:14)
  29 wolves
  14 centaurs
  A phantom (D:6)
  A kobold brigand (D:11)
  3 gnoll sergeants
  28 bullfrogs
  3 scorpions (D:6)
  3 wights (D:8)
  3 killer bees (D:9)
  3 electric eels
  11 jellies
  7 howler monkeys
  A hound (D:6)
  35 orc priests
  2 sleepcaps
  3 iguanas
  19 orc wizards
  9 hell rats (Lair:4)
  8 mummies (Ossuary)
  14 gnolls
  4 adders
  A shadow imp (D:5)
  A white imp (D:8)
  An ufetubus (D:6)
  2 worms
  3 dart slugs
  75 orcs
  3 ball pythons
  6 bats
  13 endoplasms
  9 giant cockroaches
  A gnoll zombie (Ossuary)
  8 goblins
  5 hobgoblins
  2 jackals (D:1)
  13 kobolds
  5 quokkas
  6 frilled lizards
  A hobgoblin zombie (Ossuary)
  2 kobold zombies (Ossuary)
  4 orc zombies (Ossuary)
  6 rats
  A butterfly (Lair:4)
957 creatures vanquished.

Vanquished Creatures (others)
  Asterion (Snake:3)
  A black mamba (Snake:3)
  A human (D:14)
  2 foxfires (Swamp:1)
5 creatures vanquished.

Grand Total: 962 creatures vanquished

Notes
Turn   | Place    | Note
-------+----------+-------------------------------------------
     0 | D:1      | Anon1729 the Minotaur Monk began the quest for the Orb.
     0 | D:1      | Reached XP level 1. HP: 19/19 MP: 0/0
   142 | D:1      | Reached XP level 2. HP: 27/27 MP: 1/1
   193 | D:1      | Reached skill level 1 in Armour
   607 | D:1      | Reached skill level 1 in Invocations
   648 | D:1      | Reached XP level 3. HP: 29/33 MP: 2/2
  1334 | D:2      | Found Imoolecy's Weapon Emporium.
  1731 | D:3      | Reached XP level 4. HP: 40/40 MP: 4/4
  1800 | D:3      | Found a radiant altar of Vehumet.
  2069 | D:4      | Reached skill level 2 in Armour
  2110 | D:4      | Reached XP level 5. HP: 42/47 MP: 5/5
  2543 | D:4      | Found a hazy altar of Hepliaklqana.
  2703 | D:5      | Entered Level 5 of the Dungeon
  2767 | D:5      | Reached skill level 3 in Armour
  2782 | D:5      | Reached XP level 6. HP: 29/55 MP: 6/6
  2792 | D:5      | Reached skill level 5 in Fighting
  3052 | D:5      | Found a staircase to the Ecumenical Temple.
  3097 | Temple   | Entered the Ecumenical Temple
  3499 | D:5      | Reached XP level 7. HP: 45/61 MP: 8/8
  3984 | D:6      | Reached skill level 4 in Armour
  3984 | D:6      | Reached skill level 5 in Dodging
  3987 | D:6      | Reached skill level 5 in Short Blades
  4633 | D:6      | Reached XP level 8. HP: 69/70 MP: 9/9
  4805 | D:6      | Reached skill level 5 in Armour
  4840 | D:6      | Identified the +7 hand axe "Worm" {venom, rPois Int+3}
  5877 | D:7      | Reached skill level 6 in Armour
  5879 | D:7      | Reached XP level 9. HP: 32/79 MP: 11/11
  5884 | D:7      | Reached skill level 5 in Invocations
  5901 | D:7      | Found a flagged portal.
  5939 | Bailey   | Entered a bailey
  6066 | Bailey   | Reached skill level 7 in Armour
  6299 | Bailey   | Noticed an orc knight
  6299 | Bailey   | Noticed an orc knight
  6402 | Bailey   | Killed an orc knight
  6403 | Bailey   | Reached XP level 10. HP: 10/90 MP: 13/13
  6435 | Bailey   | Killed an orc knight
  6436 | Bailey   | Reached skill level 8 in Armour
  6896 | D:8      | Found a burning altar of Makhleb.
  7040 | D:8      | Found a basalt altar of Yredelemnul.
  7042 | D:8      | Noticed a profane servitor
  7047 | D:8      | Found a glowing golden altar of the Shining One.
  7049 | D:8      | Noticed an angel
  7386 | D:8      | Found a sand-covered staircase.
  7391 | Ossuary  | Entered an ossuary
  7727 | D:8      | Noticed Erica
  7737 | D:8      | Killed Erica
  7815 | D:8      | Found Amnotig's Magic Scroll Emporium.
  7823 | D:8      | Bought a scroll of blinking for 97 gold pieces
  7823 | D:8      | Bought a scroll of teleportation for 39 gold pieces
  7823 | D:8      | Bought a scroll of identify for 26 gold pieces
  7823 | D:8      | Bought a scroll of brand weapon for 123 gold pieces
  7823 | D:8      | Bought a scroll of enchant armour for 97 gold pieces
  7823 | D:8      | Bought a scroll of revelation for 97 gold pieces
  7823 | D:8      | Bought a scroll of enchant weapon for 97 gold pieces
  7823 | D:8      | Bought a scroll of identify for 26 gold pieces
  7829 | D:8      | Identified a scroll of acquirement
  7833 | D:8      | Acquired the +8 crystal plate armour of Usibrekk {Drain rC+
                  | Int+4 SInv}
  7908 | D:9      | Found a transporter.
  7914 | D:9      | Noticed a skeletal warrior
  7966 | D:9      | Reached skill level 9 in Armour
  8031 | D:9      | Found a staircase to the Orcish Mines.
  8042 | D:9      | Noticed a sun demon
  8043 | D:9      | Noticed t4s4d4r's ghost (novice DgFi)
  8066 | D:9      | Found a one-way gate to the infinite horrors of the Abyss.
  8191 | D:9      | Found a snail-covered altar of Cheibriados.
  8431 | D:9      | Found a transporter.
  8469 | D:10     | Entered Level 10 of the Dungeon
  8485 | D:10     | Reached XP level 11. HP: 51/99 MP: 15/15
  8813 | D:10     | Noticed a two-headed ogre
  8822 | D:10     | Killed a two-headed ogre
  8823 | D:10     | Reached skill level 10 in Fighting
  8868 | D:10     | Found an ornate altar of the Wu Jian Council.
  8892 | D:10     | Found a hide-covered altar of Uskayaw.
  8898 | D:10     | Noticed Urug
  8913 | D:10     | Killed Urug
  8914 | D:10     | Reached skill level 10 in Armour
  8922 | D:10     | Became a worshipper of Uskayaw the Reveller
  8922 | D:10     | Reached * piety under Uskayaw
  9001 | D:10     | Found a stormy altar of Qazlal.
  9004 | D:10     | Found a white marble altar of Elyvilon.
  9009 | D:10     | Found a shimmering blue altar of Sif Muna.
  9010 | D:10     | Found a broken altar of Ashenzari.
  9012 | D:10     | Found an opulent altar of Gozag.
  9013 | D:10     | Found an ancient bone altar of Kikubaaqudgha.
  9018 | D:10     | Found a sparkling altar of Nemelex Xobeh.
  9021 | D:10     | Found a sacrificial altar of Ru.
  9062 | D:10     | Noticed a two-headed ogre
  9066 | D:10     | Reached ** piety under Uskayaw
  9068 | D:10     | Reached *** piety under Uskayaw
  9070 | D:10     | Killed a two-headed ogre
  9172 | D:11     | Reached **** piety under Uskayaw
  9225 | D:11     | Reached ***** piety under Uskayaw
  9228 | D:11     | Found a staircase to the Lair.
  9234 | D:11     | Reached ****** piety under Uskayaw
  9521 | D:11     | Noticed a two-headed ogre
  9525 | D:11     | Killed a two-headed ogre
  9526 | D:11     | Reached skill level 11 in Armour
  9538 | D:11     | Found Febidiup's Antique Weapon Shoppe.
  9722 | D:11     | Noticed a white ugly thing
  9734 | D:11     | Killed a white ugly thing
  9952 | D:12     | Reached skill level 10 in Short Blades
 10089 | D:12     | Reached XP level 12. HP: 104/108 MP: 17/17
 10104 | D:12     | Reached skill level 10 in Dodging
 10136 | D:12     | Found a gate leading to a gauntlet.
 10148 | Gauntlet | Entered a Gauntlet
 10148 | Gauntlet | Found a transporter.
 10153 | Gauntlet | Noticed a hell beast
 10222 | Gauntlet | Found a transporter.
 10234 | Gauntlet | Found a transporter.
 10238 | Gauntlet | Found a transporter.
 10240 | Gauntlet | Found a large runed translucent door.
 10240 | Gauntlet | Found a large runed translucent door.
 10241 | Gauntlet | Found a large runed translucent door.
 10242 | Gauntlet | Found a large runed translucent door.
 10242 | Gauntlet | Found a large runed translucent door.
 10242 | Gauntlet | Found a runed translucent door.
 10243 | Gauntlet | Found a large runed translucent door.
 10244 | Gauntlet | Found a large runed translucent door.
 10245 | Gauntlet | Found a large runed translucent door.
 10245 | Gauntlet | Found a large runed translucent door.
 10246 | Gauntlet | Found a runed translucent gate.
 10254 | Gauntlet | Found a transporter.
 10254 | Gauntlet | Found a runed translucent gate.
 10255 | Gauntlet | Found a runed translucent gate.
 10255 | Gauntlet | Found a runed translucent door.
 10257 | Gauntlet | Found a large runed translucent door.
 10257 | Gauntlet | Found a large runed translucent door.
 10258 | Gauntlet | Found a large runed translucent door.
 10259 | Gauntlet | Found a large runed translucent door.
 10268 | Gauntlet | Found a transporter.
 10281 | Gauntlet | Found a transporter.
 10301 | Gauntlet | Found a transporter.
 10305 | Gauntlet | Found a transporter.
 10314 | Gauntlet | Found a transporter.
 10336 | Gauntlet | Found a transporter.
 10340 | Gauntlet | Found a transporter.
 10344 | Gauntlet | Found a runed translucent door.
 10345 | Gauntlet | Found a runed translucent door.
 10363 | Gauntlet | Found a large runed translucent door.
 10364 | Gauntlet | Found a large runed translucent door.
 10366 | Gauntlet | Found a large runed translucent door.
 10439 | Gauntlet | Killed a hell beast
 10511 | Gauntlet | Reached skill level 12 in Armour
 10518 | Gauntlet | Identified the +1 cloak of Boredom {Int+2 Dex+2 Stlth-}
 10563 | Gauntlet | Noticed a minotaur
 10579 | Gauntlet | Killed a minotaur
 10587 | Gauntlet | Identified the +9 quarterstaff of Feikafic {freeze, rN++}
 10588 | Gauntlet | Got the Grimoire of Metamorphic Ensorcelling
 10588 | Gauntlet | Got Ciretsod's Vellum of Anemomancy
 11216 | D:12     | Found a portal to a secret trove of treasure.
 11698 | D:13     | Noticed Sonja
 11701 | D:13     | Killed Sonja
 11752 | D:13     | Noticed a centaur warrior
 11760 | D:13     | Killed a centaur warrior
 11807 | D:13     | Noticed a two-headed ogre
 11809 | D:13     | Noticed an ogre mage
 11812 | D:13     | Noticed a two-headed ogre
 11813 | D:13     | Noticed a two-headed ogre
 11814 | D:13     | Noticed a two-headed ogre
 11814 | D:13     | Noticed a two-headed ogre
 11815 | D:13     | Reached skill level 13 in Armour
 11815 | D:13     | Killed an ogre mage
 11815 | D:13     | Killed a two-headed ogre
 11816 | D:13     | Noticed a two-headed ogre
 11819 | D:13     | Killed a two-headed ogre
 11825 | D:13     | Killed a two-headed ogre
 11839 | D:13     | Killed a two-headed ogre
 11841 | D:13     | Killed a two-headed ogre
 11848 | D:13     | Killed a two-headed ogre
 11849 | D:13     | Reached XP level 13. HP: 50/118 MP: 11/19
 12099 | D:13     | Noticed Jorgrun
 12155 | D:13     | Killed Jorgrun
 12437 | D:13     | Reached skill level 14 in Armour
 12536 | D:14     | Found a runed translucent door.
 12537 | D:14     | Noticed NigelTetley's ghost (journeyman FoFi)
 12821 | D:14     | Noticed a fire dragon
 12830 | D:14     | Reached skill level 10 in Invocations
 12990 | D:14     | Found a gate to the Vaults.
 13493 | D:15     | Entered Level 15 of the Dungeon
 13527 | D:15     | Noticed a purple very ugly thing
 13543 | D:15     | Killed a red very ugly thing
 13544 | D:15     | Reached skill level 15 in Armour
 14206 | D:15     | Reached XP level 14. HP: 123/129 MP: 20/20
 14282 | D:15     | Found a staircase to the Depths.
 14393 | Lair:1   | Entered Level 1 of the Lair of Beasts
 15388 | Lair:2   | Found a staircase to the Snake Pit.
 15402 | Lair:2   | Reached skill level 16 in Armour
 15538 | Lair:2   | Found a staircase to the Swamp.
 16414 | Lair:2   | Noticed Fannar
 16444 | Lair:2   | Killed Fannar
 16907 | Lair:3   | Found a runed translucent door.
 17304 | Lair:3   | Noticed Nammoc's ghost (journeyman GnWn)
 17527 | Lair:3   | Killed Nammoc's ghost
 17602 | Lair:3   | Identified the +11 spear of Bloodstone {freeze, Fragile rC+
                  | Will+}
 17655 | Lair:4   | You fall into a shaft and drop 1 floor!
 17655 | Lair:5   | Entered Level 5 of the Lair of Beasts
 17655 | Lair:5   | Noticed Nessos
 17684 | Lair:5   | Reached skill level 17 in Armour
 17688 | Lair:5   | Killed Nessos
 18057 | Lair:4   | Found a staircase to the Slime Pits.
 18162 | Lair:4   | Reached XP level 15. HP: 138/138 MP: 22/22
 18681 | Lair:4   | Identified the +5 war axe "Vefa" {elec, rElec rC+}
 19635 | Lair:5   | Reached skill level 18 in Armour
 20076 | Lair:5   | Identified the +8 plate armour of the Worm {rN+}
 20995 | Orc:1    | Entered Level 1 of the Orcish Mines
 21052 | Orc:1    | You fall into a shaft and drop 1 floor!
 21052 | Orc:2    | Entered Level 2 of the Orcish Mines
 21188 | Orc:2    | Reached skill level 15 in Fighting
 21260 | Orc:2    | Found Beacwi's General Store.
 21292 | Orc:2    | Found Quexta Ogoi's General Store.
 21412 | Orc:2    | Bought a potion of curing for 33 gold pieces
 21412 | Orc:2    | Bought a potion of invisibility for 88 gold pieces
 21414 | Orc:2    | Bought a potion of degeneration for 12 gold pieces
 21414 | Orc:2    | Bought a potion of lignification for 36 gold pieces
 21649 | Orc:2    | Found a staircase to the Elven Halls.
 21964 | Orc:2    | HP: 1/141 [sun demon[an orc sorcerer] (17)]
 22350 | Orc:2    | Reached XP level 16. HP: 75/149 MP: 24/24
 22456 | Orc:2    | Found Evyloan's Antique Armour Boutique.
 22456 | Orc:2    | Found a one-way gate leading to the halls of Pandemonium.
 22456 | Orc:2    | Found Ylaty's Jewellery Shop.
 23139 | Orc:1    | Noticed Josephine
 23161 | Orc:1    | Killed Josephine
 23399 | Snake:1  | Entered Level 1 of the Snake Pit
 23399 | Snake:1  | You fall into a shaft and drop 1 floor!
 23401 | Snake:2  | Noticed Asterion
 23462 | Snake:3  | Killed Asterion
 23463 | Snake:3  | Reached skill level 19 in Armour
 23952 | Snake:2  | Noticed Vashnia
 24195 | Snake:2  | Killed Vashnia
 24392 | Snake:2  | Found Jeohioxi's General Store.
 24400 | Snake:2  | Bought a potion of heal wounds for 60 gold pieces
 25845 | Snake:4  | Entered Level 4 of the Snake Pit
 26297 | Snake:4  | Reached skill level 20 in Armour
 26597 | Snake:4  | Noticed a quicksilver dragon
 26609 | Snake:4  | Killed a quicksilver dragon
 26630 | Snake:4  | Reached skill level 15 in Short Blades
 26719 | Snake:4  | Noticed a quicksilver dragon
 26771 | Snake:4  | Reached XP level 17. HP: 80/158 MP: 25/25
 27028 | Snake:4  | Killed a quicksilver dragon
 27135 | Snake:4  | Got a serpentine rune of Zot
 27910 | Snake:1  | Noticed Aizul
 27942 | Snake:1  | Killed Aizul
 28146 | Snake:1  | Reached skill level 15 in Dodging
 28581 | Swamp:1  | Entered Level 1 of the Swamp
 29017 | Swamp:1  | Reached skill level 21 in Armour
 29508 | Vaults:1 | Entered Level 1 of the Vaults
 29651 | Depths:1 | Entered Level 1 of the Depths
 30833 | Depths:1 | HP: 2/152 [hell knight/bolt of fire (22)]
 30833 | Depths:1 | Killed from afar by a hell knight

Illustrated notes

Levels and vault maps discovered:
D:1:      lemuel_arrival_broad_hall, layout_loops_ring
D:2:      cheibrodos_old_hovel, layout_loops_ring, serial_shops,
          nicolae_shop_bloodbath_and_beyond, kennysheep_crisscross,
          nicolae_underground_beach
D:3:      layout_rooms, nicolae_vehumet_radiance
D:4:      layout_cave_pools, lemuel_doored_altar, minmay_misc_feat_four_crosses
D:5:      layout_loops_corners, minmay_temple_entry_statues_fountains
D:6:      layout_gridville
D:7:      layout_gridville, enter_bailey_4
D:8:      lemuel_slime, layout_basic, grunt_temple_overflow_holy_war,
          mainiacjoe_overflow_catwalk, serial_shops, shop, enter_ossuary_5,
          nicolae_concentric_dashed_squares_mild, uniq_erica
D:9:      layout_basic, kennysheep_mini_moat, minmay_orc_entry_temple_small,
          gammafunk_ghost_abyssal_escape
D:10:     layout_roguey, mainiacjoe_overflow_surrounded_room,
          nicolae_overflow_hallway_of_the_gods, nicolae_uskayaw_dance_hall,
          uniq_urug
D:11:     layout_loops_ring, erik_lair_orcish_takeover, serial_shops, shop
D:12:     layout_basic, gauntlet_entry_generic, nicolae_trove_entry_columns
D:13:     layout_irregular_city, uniq_sonja, uniq_jorgrun
D:14:     layout_gridville, ximxim_vaults_locker_room, ebering_ghost_inner_flame
D:15:     gammafunk_enter_depths_forms, layout_long_grid, grunt_decor_clamped,
          hangedman_glass_teeth
Temple:   nicolae_temple_two_arcs
Lair:1:   layout_cave_pods, grunt_megastairs_1
Lair:2:   nzn_winding_woodlands_three_and_one
          [nzn_winding_woodlands_5x15_crooked,
          nzn_winding_woodlands_5x15_concentric,
          nzn_winding_woodlands_5x15_twine, nzn_winding_woodlands_center_lodge],
          layout_cave_pods, swamp_mist, guppyfry_snake_entry_island, uniq_fannar
Lair:3:   layout_cave_shapes, ebering_ghost_reflecting_pool
Lair:4:   beast_lair_carwin_large_4, layout_cave_pods, slime_entry_1,
          infiniplex_staircase_pool_2, lemuel_fruit_fields
Lair:5:   minmay_lair_end_frog_pond, layout_regular_city, lemuel_fruit_fields,
          serial_bayou_shore_a, uniq_nessos
Swamp:1:  layout_falls_marsh, hangedman_swamp_lotus
Snake:1:  layout_rooms, nicolae_triple_integral, uniq_aizul
Snake:2:  layout_concentric_octagons, lemuel_fruit_tree, grunt_megastairs_4,
          minmay_shop_star, uniq_asterion, uniq_vashnia
Snake:3:  layout_grid_shapes, grunt_megastairs_2
Snake:4:  hellmonk_snake_rune_quicksilver_temple, layout_basic
Orc:1:    layout_diamond_mine, uniq_josephine
Orc:2:    pf_orc_diabolical, layout_caves
Vaults:1: nicolae_vaults_more_shelving_1, nicolae_vaults_circle_grid_b,
          nicolae_vaults_shrinking_rooms_1, st_eye, hangedman_vaults_variations,
          nicolae_vaults_sealed_display, vaults_dpeg_emergency_exit,
          nicolae_vaults_variable_pillar_hall, nicolae_vaults_alarming,
          vaults_mumra_minichess, nicolae_vaults_ring_of_whatevers,
          layout_vaults_maze
Depths:1: layout_cross, rand_demon_pan_entry_7, nicolae_hexahallways,
          hell_entry, nicolae_rock_paper_scissors

Skill      XL: |  1  2  3  4  5  6  7  8  9 10 11 12 13 14 15 16 17 |
---------------+----------------------------------------------------+-----
Armour         | 1 2 3 4 6 7 9 11 13 15 17 18 20 21 | 21.4
Fighting       | 4 5 6 7 8 9 10 12 13 14 15 16 17 | 17.0
Invocations    | 1 2 3 4 6 7 8 9 10 11 12 13 | 13.9
Dodging        | 4 5 6 7 8 9 11 12 13 14 15 | 15.4
Short Blades   | 4 5 6 7 9 10 11 12 13 14 15 | 15.7

Action                     |  1- 3 |  4- 6 |  7- 9 | 10-12 | 13-15 | 16-18 || total
---------------------------+-------+-------+-------+-------+-------+-------++-------
  Melee: Short sword       |   108 |   143 |   129 |       |  1719 |  1904 ||  4003
         Headbutt          |    21 |    32 |    62 |   164 |   754 |   731 ||  1764
         Hand axe          |       |       |   113 |   464 |   362 |       ||   939
 Invoke: Stomp             |       |       |       |     2 |    11 |    10 ||    23
         Line Pass         |       |       |       |     4 |     3 |     7 ||    14
         Grand Finale      |       |       |       |     1 |     2 |     1 ||     4
  Evoke: Wand              |       |       |    17 |     4 |       |     5 ||    26
    Use: Potion            |       |     1 |     4 |     2 |     1 |    14 ||    22
         Scroll            |       |     1 |       |    13 |     3 |     6 ||    23
   Stab: Paralysed         |       |       |       |    48 |   170 |   114 ||   332
         Confused          |       |       |       |       |     1 |     7 ||     8
         Distracted        |       |       |       |       |     1 |       ||     1
 Armour: Robe              |     6 |       |       |       |       |       ||     6
         Scale mail        |    18 |    43 |    61 |    19 |       |       ||   141
         Crystal plate arm |       |       |       |   453 |  1097 |   658 ||  2208
  Dodge: Dodged            |    49 |    45 |   205 |   350 |   947 |   639 ||  2235

Table legend: (Time is in decaauts)
 A = Elapsed time spent in this place.
 B = Non-inter-level travel time spent in this place.
 C = Inter-level travel time spent in this place.
 D = Time resting spent in this place.
 E = Time spent auto-exploring this place.
 F = Levels seen in this place.
 G = Mean time per level.
                   A        B        C        D        E       F      G
               +--------+--------+--------+--------+--------+-----+--------+
         Total |  28835 |  26745 |   2090 |   2522 |  18695 |  33 |  873.8 |
       Dungeon |  13946 |  12749 |   1197 |   1277 |   9273 |  15 |  929.7 |
        Temple |    124 |    117 |      7 |      0 |    113 |   1 |  124.0 |
          Lair |   5966 |   5451 |    515 |    359 |   3977 |   5 | 1193.2 |
         Swamp |    623 |    584 |     39 |      7 |    469 |   1 |  623.0 |
     Snake Pit |   4419 |   4229 |    190 |    381 |   2962 |   4 | 1104.8 |
  Orcish Mines |   1865 |   1727 |    138 |    404 |    954 |   2 |  932.5 |
        Vaults |      2 |      2 |      0 |      0 |      0 |   1 |    2.0 |
        Depths |    506 |    506 |      0 |      3 |    290 |   1 |  506.0 |
       Ossuary |    183 |    183 |      0 |      0 |    114 |   1 |  183.0 |
        Bailey |    716 |    716 |      0 |      7 |    316 |   1 |  716.0 |
      Gauntlet |    479 |    479 |      0 |     84 |    225 |   1 |  479.0 |
               +--------+--------+--------+--------+--------+-----+--------+

Top non-repeatable levels by time:
 Snake:2: 1569 daAuts
  Lair:4: 1516 daAuts
  Lair:2: 1511 daAuts
     D:6: 1397 daAuts
   Orc:2: 1381 daAuts
    D:15: 1345 daAuts
 Snake:4: 1317 daAuts
     D:5: 1182 daAuts
    D:13: 1148 daAuts
  Lair:5: 1142 daAuts
    D:14: 1141 daAuts
    D:11: 1076 daAuts
  Lair:1: 1040 daAuts
    D:12: 946 daAuts
 Snake:1: 847 daAuts
